AoeStats
← Sebtoshi21

Migration

504455519Analyzed
1v1 RM · 27d ago on Sep 5, 2026· 51m 42s· 2 players
Game mode
Random Map
Map size
132×132
Population
200
Speed
Normal
Resources
Standard
Victory
Conquest
Starting age
Dark Age
Ending age
Imperial Age
RankedLock teamsTeams togetherTeam positionsShared explorationLock speedFull tech treeHidden civsTurbo modeCheats
Victory
Defeat
🇬🇧 Cumans · United Kingdom
917
+14
🇨🇭 Portuguese · Switzerland
876
-14
Sebtoshi21
12:19 Feudal Age
13:30 Loom
14:56 Town Watch
15:22 Double-Bit Axe
19:15 Castle Age
24:22 Fletching
24:32 Padded Archer Armor
27:53 Crossbowman
28:40 Thumb Ring
29:27 Medium Warships
37:12 Imperial Age
39:10 Arbalester
42:07 Fishing Lines
45:49 Bow Saw
45:31 Gold Mining
48:49 Chemistry
48:09 Scale Mail Armor
48:20 Forging
50:06 Chain Mail Armor
50:26 Iron Casting
49:58 Man-at-Arms
50:29 Gambesons
51:18 Long Swordsman
pup11power
4:03 Loom
14:34 Feudal Age
15:52 Horse Collar
16:09 Double-Bit Axe
17:23 Scale Mail Armor
18:05 Wheelbarrow
17:34 Gold Mining
18:54 Man-at-Arms
20:13 Town Watch
22:16 Forging
23:26 Fletching
29:30 Castle Age
30:05 Fishing Lines
30:49 Hand Cart
30:18 Long Swordsman
30:19 Pikeman
30:59 Squires
31:53 Chain Mail Armor
31:33 Bodkin Arrow
35:00 Stone Mining
36:24 Ballistics
37:18 Iron Casting
38:15 Masonry
38:00 Murder Holes
37:49 Capped Ram
39:05 Heavy Plow
44:24 Imperial Age
44:39 Siege Ram
48:21 Plate Mail Armor
51:36 Gold Shaft Mining
50:28 Two-Handed Swordsman
Connection lost

Rejoining the realm…

Still unreachable

The connection could not be restored.

Session expired

The server has moved on; the page needs a fresh start.